[Event "Odense-ch Mester-2 2018"]
[Site "Odense"]
[Date "2018.10.12"]
[Round "1"]
[White "Fogh, Jens Olaf Svanholm"]
[Black "Jensen, Tobias Ilsoe"]
[Result "0-1"]
[ECO "A45"]
[WhiteElo "2079"]
[BlackElo "2099"]
[Annotator "NA RC"]
[PlyCount "150"]
[EventDate "2018.10.12"]
[EventType "tourn"]
[EventCountry "DEN"]
[SourceTitle "playchess.com"]
[Source "ChessBase"]
[SourceQuality "1"]
[TimeControl "40/5400+30:1800+30"]

1. d4 Nf6 2. e3 e6 3. Bd3 c5 4. Nf3 b6 5. O-O Bb7 6. Nbd2 Be7 7. c3 cxd4 8. exd4 O-O 9. Qe2 d6 10. Ng5 {[%emt 0:09:31] A47: 1 d4 Nf6 2 Nf3 b6: Torre, London and Colle Systems} (10. Re1 Nbd7 11. c4 Re8 12. b3 e5 13. Bb2 Bf8 14. Bc2 e4 15. Nh4 d5 16. Nf5 Nb8 17. f3 g6 18. Ne3 exf3 19. Qxf3 {0-1 (40) Andriasian,Z (2508)-Lputian,S (2634) Yerevan 2007}) 10... Nbd7 11. f4 Re8 12. Ndf3 h6 $146 ({Predecessor:} 12... Nf8 13. Bb5 h6 14. Bxe8 Qxe8 15. Nh3 Ne4 16. Nf2 f5 17. Nxe4 Bxe4 {0-1 (42) Rosin,W (2240)-Bischoff,K (2385) Germany 1982}) 13. Nh3 Qc7 14. Bd2 e5 15. Bb5 a6 16. Ba4 b5 17. Bb3 Bf8 18. Qf2 e4 19. Nfg5 d5 20. Rae1 Nb6 21. Qh4 Bd6 22. Re3 Re7 (22... hxg5 23. Nxg5 Nc4 24. Rh3 $17) (22... Bc8 $142 23. Rg3 Qe7) 23. g3 $2 (23. Rg3 {was called for.}) 23... Bc8 24. Nf2 hxg5 $2 ({Better is} 24... a5 $19 25. a3 Nc4 26. Bxc4 Qxc4) 25. fxg5 Nh7 26. g4 {[%emt 0:00:34] [#]} (26. Nxe4 $1 $11 Nf8 {[#]} 27. Nf6+ $1 gxf6 28. gxf6 Rxe3 29. Qh6) 26... Nxg5 $1 27. Qxg5 {[%emt 0:00:56] [#]} Bf4 $1 ({Resist} 27... Bxh2+ 28. Kg2 $15) 28. Qh4 Bxe3 29. Bxe3 Qd7 30. h3 a5 31. Nd1 a4 32. Bc2 Nc4 (32... Qe8 $19 33. Bf4 Nc4) 33. Rf5 g6 {[%emt 0:01:48] [#]} ({Black should play} 33... Bb7 $17 34. Rh5 f6) 34. Bg5 (34. Rh5 $1 $11 {[%mdl 512] remains equal.} gxh5 35. Qg5+ Kh7 36. Qh6+ Kg8 37. Qg5+ Kh7 38. Qxh5+ Kg8 39. Qg5+ Kh7 40. Qh6+ Kg8 41. Qg5+ Kh7 42. Qh6+ Kg8 43. Qg5+) 34... Re6 {[%emt 0:01:30] [#]} 35. Bf6 $1 Rxf6 $1 36. Rxf6 Ra6 37. Rxa6 Bxa6 38. Qg3 {[%emt 0:00:31] [#]} (38. Qf6 $17) 38... Bc8 ({Better is} 38... Qe7 $1 $19 39. Qf2 Qg5) 39. b3 (39. Kg2 $17) 39... axb3 (39... Na3 $142 40. Qf2 Qc6 41. bxa4 bxa4) 40. axb3 (40. Bxb3 $15 Qa7 41. Ne3) 40... Nd2 41. b4 (41. Kf2 {might work better.}) 41... Qc6 (41... Qa7 $142 42. Qf2 Nf3+ 43. Kh1 Qa1) 42. Qf4 $2 (42. Qf2 Nf3+ 43. Kh1) 42... Nf3+ 43. Kf2 {[%emt 0:00:28] [#]} Nxd4 $1 44. Bb1 Ne6 (44... Nf3 $19 45. Bd3 Qb6+ 46. Ne3 g5) 45. Qd2 $2 (45. Qe5 $17) 45... Bb7 46. Ne3 (46. Ke1 $142) 46... Qc7 47. Ng2 $2 (47. Nf1) 47... Qe5 48. Ba2 d4 49. cxd4 Nxd4 (49... Qf6+ $19 50. Kg1 Nxd4) 50. Qf4 Qxf4+ 51. Nxf4 Kg7 (51... g5 $17 52. Nd5 Kg7) 52. Bb1 $2 {[%emt 0:03:28] [#]} (52. Bd5 $11 Bxd5 53. Nxd5) 52... Kf6 $1 53. Ke3 Ke5 54. h4 Bc6 55. h5 gxh5 56. Nxh5 f5 57. Nf4 fxg4 58. Ng6+ Kf6 59. Bxe4 Bxe4 60. Nf4 Ke5 61. Nh5 Nf5+ 62. Kf2 Bd5 63. Kg1 Bf7 64. Kh2 Bxh5 65. Kg1 Kd4 66. Kh2 Kc4 67. Kg1 Kxb4 68. Kh2 Kc3 69. Kg1 b4 70. Kh2 b3 71. Kg2 b2 72. Kh2 b1=Q 73. Kg2 Qc2+ 74. Kh1 Ne3 75. Kg1 Qg2# 0-1

[Event "Odense-ch Mester-2 2018"]
[Site "Odense"]
[Date "2018.10.12"]
[Round "1"]
[White "Thybo, Thomas Sondergaard"]
[Black "Hoiberg, Nina"]
[Result "1-0"]
[ECO "A45"]
[WhiteElo "2016"]
[BlackElo "2091"]
[Annotator "NA RC"]
[PlyCount "101"]
[EventDate "2018.10.12"]
[EventType "tourn"]
[EventCountry "DEN"]
[SourceTitle "playchess.com"]
[Source "ChessBase"]
[SourceQuality "1"]
[TimeControl "40/5400+30:1800+30"]

1. d4 Nf6 2. Bg5 d5 3. Bxf6 exf6 4. e3 Bd6 5. g3 c6 {[%emt 0:00:56] D00: 1 d4 d5: Unusual lines} 6. Bg2 Qb6 7. b3 a5 8. Nd2 $146 ({Predecessor:} 8. a4 Be6 9. Ne2 O-O 10. O-O Na6 11. Nd2 Rfd8 12. c3 h6 13. Qb1 {1-0 (47) Kotronias,V (2579)-Rigopoulos Tsigkos,A (2066) Nikaia 2013}) 8... a4 9. c4 Bb4 10. Ngf3 Bf5 11. cxd5 cxd5 12. Nh4 Be6 13. O-O Qa5 14. Nhf3 a3 15. Rc1 O-O 16. Nb1 Ra6 17. Ne1 Rc6 18. Nd3 Rxc1 19. Qxc1 Rc8 20. Qd1 Na6 21. Qe2 h6 22. g4 Bd7 23. Rc1 Rxc1+ 24. Nxc1 Bd6 25. h3 Bb5 26. Qd2 Bb4 27. Qc2 Qc7 28. Qxc7 Nxc7 29. Bf1 Kf8 30. Bxb5 Nxb5 31. Nd3 Bd6 32. Kf1 Ke7 33. Ke2 f5 34. Kf3 fxg4+ 35. hxg4 g6 36. Nc1 h5 37. gxh5 gxh5 38. Ne2 Nc7 39. Ng3 Bb4 40. Nxh5 Ne6 41. Ng3 Nd8 42. Ne2 Nc6 43. Nf4 Kd6 44. Kg4 Ba5 45. Nxa3 Nb4 46. Nb5+ Kc6 47. a4 Nc2 48. Nd3 Na1 49. b4 Bd8 50. Ne5+ Kb6 51. Nc3 $18 1-0

[Event "Odense-ch Mester-2 2018"]
[Site "Odense"]
[Date "2018.10.12"]
[Round "1"]
[White "Knudsen, Martin"]
[Black "Liu, Casper"]
[Result "1/2-1/2"]
[ECO "E92"]
[WhiteElo "2014"]
[BlackElo "2013"]
[Annotator "NA RC"]
[PlyCount "118"]
[EventDate "2018.10.12"]
[EventType "tourn"]
[EventCountry "DEN"]
[SourceTitle "playchess.com"]
[Source "ChessBase"]
[SourceQuality "1"]
[TimeControl "40/5400+30:1800+30"]

1. d4 Nf6 2. c4 g6 3. Nc3 Bg7 4. e4 d6 5. Nf3 O-O 6. Be2 e5 7. dxe5 dxe5 8. Qxd8 Rxd8 9. Bg5 c6 10. Nxe5 Re8 11. f4 h6 12. Bh4 g5 {[%emt 0:03:05] E92: King's Indian: Classical: 6 Be2 e5: 7 dxe5, 7 Be3 and Petrosian System without 7...Nbd7} 13. Bg3 gxf4 14. Bxf4 Nxe4 15. Nxe4 Bxe5 16. Bxe5 Rxe5 17. Nd2 $146 ({Predecessor:} 17. Nf6+ Kg7 18. Rf1 Na6 19. Nh5+ Kg8 20. O-O-O {1-0 (43) Tisdall,J (2430)-Stokke,K (2330) Oslo 2007}) 17... Bg4 18. Nf3 Bxf3 19. gxf3 Na6 20. Kf2 Rae8 21. Rae1 Nb4 22. a3 Nc2 23. Reg1+ Kf8 24. Bd3 Rd8 25. Be4 Rd2+ 26. Kg3 Nd4 27. Rd1 Ne2+ 28. Kf2 Rxb2 29. Rb1 Ra2 30. Rxb7 f5 31. Bb1 Rd2 32. Ke1 Rd4 33. Kf2 f4 34. Re1 Rd2 35. Kf1 Re3 36. Be4 Nc3 37. Rb3 Nd1 38. Rbxe3 (38. Rexe3 $1 $11 Nxe3+ 39. Ke1 Rxh2 40. c5) 38... Nxe3+ 39. Kg1 Ke7 40. Bxc6 Kd6 41. Bd5 Rg2+ (41... Kc5 $15 {keeps the upper hand.}) 42. Kh1 Ra2 43. h4 Rxa3 44. Bf7 (44. Rg1 $11 {remains equal.}) 44... a5 45. Rb1 Kc6 46. Rb5 $1 a4 47. Rh5 Rb3 (47... Ra1+ $15 48. Kh2 Ra2+ 49. Kh1 a3 50. Rxh6+ Kb7) 48. Be8+ Kc7 49. Bxa4 Rb6 50. Bb5 Rd6 51. Kg1 Re6 {[%emt 0:02:31] [#]} (51... Rg6+ $11 {remains equal.} 52. Kf2 Rg2+ 53. Ke1 Kb6) 52. c5 $1 Rg6+ 53. Kh1 Rf6 54. Re5 ({Better is} 54. Bd3 $16) 54... Nf5 55. h5 Nd4 56. Re7+ Kc8 57. Re8+ Kc7 58. Re7+ Kc8 59. Re8+ $11 Kc7 1/2-1/2

[Event "Odense-ch Mester-2 2018"]
[Site "Odense"]
[Date "2018.10.14"]
[Round "4"]
[White "Jacobsen, Steen Hefsgaard"]
[Black "Maagaard, Markus"]
[Result "0-1"]
[ECO "E34"]
[WhiteElo "2084"]
[BlackElo "1769"]
[Annotator "NA"]
[PlyCount "108"]
[EventDate "2018.10.12"]
[EventType "tourn"]
[EventCountry "DEN"]
[SourceTitle "playchess.com"]
[Source "ChessBase"]
[SourceQuality "1"]
[TimeControl "40/5400+30:1800+30"]

1. d4 Nf6 2. c4 e6 3. Nc3 Bb4 4. Qc2 d5 5. cxd5 {[%emt 0:03:47] E34: Nimzo-Indian: Classical: 4...d5} Qxd5 (5... exd5 6. Bg5 h6 7. Bh4 c5 8. dxc5 g5 9. Bg3 Ne4 10. e3 Qa5 11. Nge2 Bf5 12. Bxb8 Rxb8 13. Nd4 Bd7 14. Nb3 Bxc3+ 15. bxc3 Qxc3+ 16. Qxc3 Nxc3 17. Bd3 Ke7 {½-½ (37) Duda,J (2739)-Karjakin,S (2760) Batumi 2018}) 6. a3 Bxc3+ 7. bxc3 Qf5 $146 ({Predecessor:} 7... c5 8. e3 b6 9. Nf3 Bb7 10. Bb2 cxd4 11. cxd4 O-O 12. Bc4 Qh5 13. Qe2 Ba6 14. Ne5 Qxe2+ 15. Kxe2 Bxc4+ 16. Nxc4 {1-0 (25) Kuljasevic,D (2554)-Ashiku,F (2300) Durres 2014}) 8. Qxf5 exf5 9. e3 O-O 10. Nf3 Re8 11. Ne5 Nbd7 12. Nxd7 Bxd7 13. f3 Nd5 14. Rb1 b6 15. Kf2 Nxc3 16. Rb3 Nd5 17. Bc4 Nf6 18. Bb2 (18. Be2 $11) 18... Be6 19. Rc3 Bxc4 20. Rxc4 Nd5 21. Re1 Re7 22. Bc1 Rae8 23. Bd2 f6 24. g3 g5 (24... h5 $17) 25. h3 {[%emt 0:06:15] [#]} Kf7 ({Black should play} 25... h5 $1 $17 26. h4 g4) 26. Bc1 $2 (26. g4 $11) 26... h5 27. Bd2 g4 28. h4 gxf3 29. Kxf3 Re4 30. Re2 R8e7 31. Re1 a5 32. Rcc1 Ke6 33. Rc6+ Kd7 34. Rcc1 Rg7 35. Rg1 Rg8 36. Rc4 Rxh4 37. Rf1 Rhg4 38. Ke2 Rxg3 39. Rxf5 R3g5 40. Rf3 f5 41. Rc1 Rg2+ 42. Kd3 Ne7 43. Rh1 Rg1 44. Rxh5 Ra1 45. Rh7 Rxa3+ 46. Bc3 Ke6 47. e4 $19 fxe4+ 48. Kxe4 Rg4+ 49. Kd3 Nd5 50. Rh6+ Kd7 51. Rh7+ Kc6 52. Rh6+ Kb7 53. Kc4 Nxc3 54. Rxc3 b5+ 0-1

[Event "Odense-ch Mester-2 2018"]
[Site "Odense"]
[Date "2018.10.14"]
[Round "4"]
[White "Wegger, Alfred Hedelykke"]
[Black "Velarde, Andrew"]
[Result "0-1"]
[ECO "B00"]
[WhiteElo "1705"]
[BlackElo "1728"]
[Annotator "NA RC"]
[PlyCount "68"]
[EventDate "2018.10.12"]
[EventType "tourn"]
[EventCountry "DEN"]
[SourceTitle "playchess.com"]
[Source "ChessBase"]
[SourceQuality "1"]
[TimeControl "40/5400+30:1800+30"]

1. e4 Nc6 2. d4 d5 3. e5 Bf5 4. Bb5 e6 5. Nf3 h6 6. O-O Nge7 7. Nbd2 a6 8. Be2 Nb4 9. c3 Bc2 10. Qe1 Nd3 11. Bxd3 Bxd3 12. Nb3 Ng6 13. Be3 b6 14. Qd2 Bxf1 15. Rxf1 Be7 16. g3 a5 17. a3 a4 18. Nc1 c5 19. Nd3 Rc8 20. Qc2 Qd7 21. Re1 cxd4 22. Nxd4 Bc5 23. Qd2 Ne7 24. Kg2 Bxd4 25. Bxd4 Qb5 26. f4 Rc4 27. Qf2 Nf5 28. Be3 Re4 29. Nb4 Nxe3+ 30. Rxe3 Rxe3 31. Qxe3 O-O 32. Qd2 Rc8 33. Qf2 Rc4 34. Kh3 Re4 0-1

[Event "Odense-ch Mester-2 2018"]
[Site "Odense"]
[Date "2018.10.14"]
[Round "4"]
[White "Pawlak, Wojciech Zbigniew"]
[Black "Jensen, Anna Hedelykke"]
[Result "0-1"]
[ECO "B12"]
[WhiteElo "1583"]
[BlackElo "1698"]
[Annotator "NA RC"]
[PlyCount "56"]
[EventDate "2018.10.12"]
[EventType "tourn"]
[EventCountry "DEN"]
[SourceTitle "playchess.com"]
[Source "ChessBase"]
[SourceQuality "1"]
[TimeControl "40/5400+30:1800+30"]

1. e4 c6 2. d4 d5 3. e5 Bf5 4. Bd3 Bxd3 5. Qxd3 e6 6. Nf3 Nd7 7. O-O c5 8. c3 Ne7 9. dxc5 Nxc5 10. Qb5+ Nc6 11. Be3 a6 12. Qe2 Be7 13. Rd1 Qc7 14. Bf4 b5 15. Nd4 O-O 16. Nxc6 Qxc6 17. Qg4 Kh8 18. b4 Ne4 19. Rd3 f6 20. Rh3 Nxf2 21. Kxf2 fxe5 22. g3 exf4 23. gxf4 Qd6 24. Rf3 Rf7 25. Nd2 Raf8 26. Rg1 Qxf4 27. Qxf4 Rxf4 28. Re1 Bh4+ 0-1